 Dungeon Crawl Stone Soup version 0.24.0-123-gd5b16e6ec5 (webtiles) character file.

Game seed: 2023966386141495713, levelgen mode: deterministic

66 Locuples the Covert (level 3, 0/16 HPs)
             Began as a Vampire Assassin on Jan 23, 2020.
             Slain by a gnoll
             ... wielding a +0 spear
              (4 damage)
             ... on level 2 of the Dungeon.
             The game lasted 00:04:48 (927 turns).

Locuples the Covert (Vampire Assassin)               Turns: 927, Time: 00:04:49

Health: 0/16       AC:  3    Str:  9 (10) XL:     3   Next: 96%
Magic:  3/3        EV: 12    Int: 12 (13) God:
Gold:   50         SH:  0    Dex: 14 (16) Spells: 2/2 levels left

rFire    . . .     SeeInvis +   g - +1 dagger (venom)
rCold    + + .     Gourm    .   (no shield)
rNeg     + + +     Faith    .   b - +0 robe
rPois    ∞         Spirit   .   (no helmet)
rElec    .         Reflect  .   c - +0 cloak
rCorr    .         Harm     .   (no gloves)
MR       .....                  (no boots)
Stlth    ++++++....             (no amulet)
HPRegen  0.00/turn              (no ring)
MPRegen  0.08/turn              (no ring)

@: bloodless
A: no food, fangs 3, see invisible, [frail 2], unbreathing
a: Bat Form, Revivify


You were on level 2 of the Dungeon.
You were bloodless.

You visited 1 branch of the dungeon, and saw 2 of its levels.

You collected 50 gold pieces.

Inventory:

Hand Weapons
 a - a +2 dagger
 g - a +1 dagger of venom (weapon)
Missiles
 d - a poisoned dart (quivered)
 e - 2 curare-tipped darts
Armour
 b - a +0 robe (worn)
 c - a +0 cloak (worn)
Scrolls
 h - a scroll of enchant weapon {unknown}
 i - a scroll of remove curse {unknown}
 j - a scroll of fear {unknown}
Potions
 f - a potion of might {unknown}


   Skills:
 - Level 1.7 Fighting
 + Level 2.4 Short Blades
 - Level 1.5 Throwing
 - Level 1.1 Dodging
 * Level 8.3 Stealth


You had 2 spell levels left.
You didn't know any spells.
Your spell library was empty.

Dungeon Overview and Level Annotations

Branches:
Dungeon (2/15)

Altars:


Innate Abilities, Weirdness & Mutations

You do not eat.
You do not regenerate when monsters are visible.
You are frail without blood (-20% HP).
You can heal yourself when you bite living creatures.
You are immune to poison.
You have razor-sharp teeth.
You have supernaturally acute eyesight. (SInv)
You can survive without breathing.
[You are very frail. (-20% HP)]


Message History

You throw a poisoned dart. The poisoned dart hits the gnoll.
The gnoll is poisoned.
You see here a ring mail.
Throwing (i - inventory. (/) - cycle)
d - 2 poisoned darts (quivered)
Press: ? - help, Shift-Dir - straight line, f/p - gnoll
Aim: a gnoll, wielding a +0 spear You throw a poisoned dart.
The poisoned dart hits the gnoll.
The gnoll looks even sicker.
The gnoll is lightly wounded.
The gnoll hits you but does no damage.
You hit the gnoll.
The gnoll looks even sicker.
The gnoll is heavily wounded.
The gnoll closely misses you.
You hit the gnoll.
You kill the gnoll!
You feel your strength returning.
The gnoll hits you from afar with a +0 spear!
* * * LOW HITPOINT WARNING * * *
The gnoll hits you with a +0 spear.
You die...

########....#.###########
............'............
............#.########...
#########...#†##### #..#
##### #...#.#...# #..#
#...###...#.#.#.# #..#
#.#.#.......#.#.# #...
###.#.#....####.#.# #..#
###+#(..((.g@.......#.####...
#.....#.#############.##.....
+.....).......... #..'.....
#.....###†#.##### #.##.....
..#...........>.... #.##.....
..........†..###### #.##.....
#####+#g.....# ..###.#..
+#####.#..##### .## #.#..
...........# #+ #.#..


You could see a gnoll.

Vanquished Creatures
  An adder (D:2)
  2 gnolls (D:2)
  2 oozes (D:1)
  A worm (D:2)
  2 dart slugs (D:1)
  A leopard gecko (D:1)
  4 bats
  5 goblins (D:1)
  2 hobgoblins (D:1)
  2 frilled lizards (D:1)
  A kobold (D:1)
  4 rats
27 creatures vanquished.

Notes
Turn   | Place    | Note
-------+----------+-------------------------------------------
     0 | D:1      | Locuples the Vampire Assassin began the quest for the Orb.
     0 | D:1      | Reached XP level 1. HP: 16/16 MP: 1/1
     5 | D:1      | Reached skill level 6 in Stealth
    57 | D:1      | Reached XP level 2. HP: 22/22 MP: 2/2
   311 | D:1      | Reached skill level 7 in Stealth
   587 | D:1      | Reached XP level 3. HP: 18/18 MP: 3/3
   913 | D:2      | Reached skill level 8 in Stealth
   927 | D:2      | Slain by a gnoll

Levels and vault maps discovered:
D:1:      erik_arrival_gehennom, layout_basic, lemuel_old_faithful
D:2:      layout_basic, first_ration, chequers_serial_rivers_room_a

Skill      XL: |  1  2  3 |
---------------+----------+-----
Stealth        | 6 7 8 |  8.3
Fighting       | |  1.7
Short Blades   | |  2.4
Throwing       | |  1.5
Dodging        | |  1.1

Action                   || total
-------------------------++-------
Melee: Dagger            ||    37
       Bite              ||     2
Throw: Dart              ||     7
 Abil: Exsanguinate      ||     3
       Revivify          ||     2
       End Transformatio ||     1
       Bat Form          ||     1
 Stab: Sleeping          ||    21
Armor: Robe              ||     5
Dodge: Dodged            ||     8
